 Dungeon Crawl Stone Soup version 0.31-a0-771-g505c3d19dc (webtiles) character file.

Game seed: 14970913968512921547

36 randomguy2701 the Conjurer (level 3, -4/19 HPs)
             Began as a Deep Elf Conjurer on Sept 17, 2023.
             Killed from afar by Sigmund (8 damage)
             ... with a puff of flame
             ... on level 2 of the Dungeon.
             The game lasted 00:01:33 (1121 turns).

randomguy2701 the Conjurer (Deep Elf Conjurer)      Turns: 1121, Time: 00:01:34

Health: -4/19      AC:  2    Str:  4    XL:     3   Next: 19%
Magic:  11/18      EV: 12    Int: 24    God:
Gold:   48         SH:  0    Dex: 13    Spells: 5/8 levels left

rFire   . . .        (no weapon)
rCold   . . .        (no shield)
rNeg    . . .        a - +0 robe
rPois   .            (no helmet)
rElec   .            (no cloak)
rCorr   .            (no gloves)
SInv    .            (no boots)
Will    .....        (no amulet)
Stlth   ++           d - ring of magical power
HPRegen 0.23/turn    (no ring)
MPRegen 0.16/turn

%: no passive effects
@: no status effects
A: no striking features
a: no special abilities


You were on level 2 of the Dungeon.
You visited 1 branch of the dungeon, and saw 2 of its levels.

You collected 48 gold pieces.

Inventory:

Armour
 a - a +0 robe (worn)
Jewellery
 d - a ring of magical power (left hand)
 g - a ring of protection from fire
Scrolls
 f - 2 scrolls of identify {unknown}
 j - a scroll of noise {unknown}
Potions
 b - a potion of magic
 c - a potion of haste {unknown}
 e - 2 potions of degeneration {unknown}
 h - 2 potions of cancellation {unknown}
 i - a potion of brilliance {unknown}


   Skills:
 + Level 2.6 Dodging
 + Level 2.6 Stealth
 + Level 3.4 Spellcasting
 + Level 5.2 Conjurations


You had 5 spell levels left.
You knew the following spells:

 Your Spells              Type           Power      Damage    Failure   Level
a - Magic Dart            Conj           100%       1d8       1%          1
b - Searing Ray           Conj           58%        2d6       1%          2

Your spell library contained the following spells:

 Spells                   Type           Power      Damage    Failure   Level
 Dazzling Flash           Conj/Hex       32%        N/A       11%         3
 Scorch                   Fire           8%         2d5       16%         2
 Flame Wave               Conj/Fire      16%        2d7       34%         4
 Fulminant Prism          Conj/Hex       8%         3d7       34%         4
 Iskenderun's Mystic Bla  Conj/Tloc      16%        2d5       34%         4
 Summon Cactus Giant      Summ           2%         N/A       100%        6


Dungeon Overview and Level Annotations

Branches:
Dungeon (2/15)

Altars:
Trog

Shops:
D:2 !

Annotations:
D:2 Sigmund


Message History

Press: ? - help, Shift-Dir - straight line The magic dart hits something.
The hobgoblin shouts!
You are confused.
You're too confused to cast spells.
Unknown command.
You bump into the rock wall.
You bump into the rock wall.
Something tries to affect you, but you resist.
Found Powefuuh's Distillery.
You feel less confused.
Casting: Magic Dart (safe; 1% risk of failure)
Confirm with . or Enter, or press ? or * to list all spells.
Aiming: Searing Ray (safe; 1% risk of failure)
Press: ? - help, Shift-Dir - straight line The searing ray hits the hobgoblin.
You kill the hobgoblin! (Press . to maintain the ray.) Unknown command.
Casting: Searing Ray (safe; 1% risk of failure)
Confirm with . or Enter, or press ? or * to list all spells.
Aiming: Magic Dart (safe; 1% risk of failure)
Press: ? - help, Shift-Dir - straight line The magic dart hits something!
Casting: Magic Dart (safe; 1% risk of failure)
Confirm with . or Enter, or press ? or * to list all spells.
Aiming: Searing Ray (safe; 1% risk of failure)
Press: ? - help, Shift-Dir - straight line (Press . to maintain the ray.)
Something hits you!
The searing ray hits something.
You hear some strange, mumbled words.
Something tries to affect you, but you resist.
You finish channelling your searing ray.
Something hits you!
* * * LOW HITPOINT WARNING * * *
You hear some strange, mumbled words.
A puff of flame appears from out of thin air!
The puff of flame hits you!
You die...

#######.###...≈∩
#........(.†..≈. #
..#####.###.#$#. # #..# #
##.# ###### #.# .....#
##{## ####.# #...# #
#.@.# ### #...# ..# #...#
# #.# ######...##.##. #.#
####...............
#.#.###..................
#.#.)...##.............(.
#.####..#####.#....######
........# #.#....#


There were no monsters in sight!

Vanquished Creatures
  A gnoll (D:1)
  A dart slug (D:1)
  2 ball pythons (D:1)
  2 endoplasms (D:1)
  A giant cockroach (D:1)
  3 goblins
  2 hobgoblins (D:2)
  A quokka (D:1)
  7 bats (D:1)
  2 frilled lizards (D:2)
  A rat (D:2)
23 creatures vanquished.

Notes
Turn   | Place    | Note
-------+----------+-------------------------------------------
     0 | D:1      | randomguy2701 the Deep Elf Conjurer began the quest for the
                  | Orb.
     0 | D:1      | Reached XP level 1. HP: 10/10 MP: 6/6
   386 | D:1      | Reached XP level 2. HP: 15/15 MP: 8/8
   541 | D:1      | Reached skill level 5 in Conjurations
   544 | D:1      | Learned a level 2 spell: Searing Ray
   770 | D:1      | Reached XP level 3. HP: 19/19 MP: 9/9
   981 | D:2      | Found a bloodstained altar of Trog.
  1101 | D:2      | Noticed Sigmund
  1106 | D:2      | Found Powefuuh's Distillery.
  1121 | D:2      | Killed from afar by Sigmund

Illustrated notes

Levels and vault maps discovered:
D:1:      shiori_arrival_elements, layout_basic
D:2:      layout_loops_cross, basic_altar, serial_shops,
          nicolae_shop_tiny_waterfront, uniq_terence, uniq_sigmund,
          uniq_crazy_yiuf_cottage

Skill      XL: |  1  2 |
---------------+-------+-----
Conjurations   | 5 |  5.2
Dodging        | |  2.6
Stealth        | |  2.6
Spellcasting   | |  3.4

Action                     || total
---------------------------++-------
   Cast: Magic Dart        ||    49
         Searing Ray       ||     2
 Armour: Robe              ||     7
  Dodge: Dodged            ||     3

Table legend: (Time is in decaauts)
 A = Elapsed time spent in this place.
 B = Non-inter-level travel time spent in this place.
 C = Inter-level travel time spent in this place.
 D = Time resting spent in this place.
 E = Time spent auto-exploring this place.
 F = Levels seen in this place.
 G = Mean time per level.
                   A        B        C        D        E       F      G
               +--------+--------+--------+--------+--------+-----+--------+
         Total |   1120 |   1091 |     29 |      0 |    976 |   2 |  560.0 |
       Dungeon |   1120 |   1091 |     29 |      0 |    976 |   2 |  560.0 |
               +--------+--------+--------+--------+--------+-----+--------+

Top non-repeatable levels by time:
     D:1: 976 daAuts
     D:2: 143 daAuts
